 Dungeon Crawl Stone Soup version 0.25-a0-632-g7713895 (webtiles) character file.

Game seed: 16322600476119806391, levelgen mode: deterministic

161 shukka the Cutter (level 5, 34/34 HPs)
             Began as a Halfling Warper on Mar 19, 2020.
             Quit the game on level 3 of the Dungeon.
             The game lasted 00:16:40 (2523 turns).

shukka the Cutter (Halfling Warper)                 Turns: 2523, Time: 00:16:40

Health: 34/34      AC:  3    Str: 12    XL:     5   Next: 70%
Magic:  8/8        EV: 15    Int: 12    God:
Gold:   91         SH:  0    Dex: 14    Spells: 4/8 levels left

rFire    . . .     SeeInvis .   b - +0 hunting sling
rCold    . . .     Gourm    .   (shield restricted)
rNeg     . . .     Faith    .   e - +0 leather armour
rPois    .         Spirit   .   (no helmet)
rElec    .         Reflect  .   (no cloak)
rCorr    .         Harm     .   (no gloves)
MR       .....                  (no boots)
Stlth    +.........             (no amulet)
HPRegen  0.11/turn              (no ring)
MPRegen  0.11/turn              (no ring)

@: no status effects
A: small, mutation resistance 1
a: no special abilities


You were on level 3 of the Dungeon.
You were not hungry.

You visited 1 branch of the dungeon, and saw 3 of its levels.

You collected 91 gold pieces.

Inventory:

Hand Weapons
 a - a +2 dagger of venom
 b - a +0 hunting sling (weapon)
 m - a +1 dagger of electrocution
Missiles
 h - 71 stones (quivered)
 j - 16 sling bullets
Armour
 c - a +0 ring mail
 e - a +0 leather armour (worn)
Scrolls
 d - a scroll of noise {unknown}
 g - a scroll of teleportation {unknown}
 i - 2 scrolls of enchant weapon {unknown}
 k - 4 scrolls of remove curse {unknown}
 l - a scroll of fog {unknown}
 n - a scroll of immolation {unknown}
 o - a scroll of amnesia {unknown}
Potions
 p - a potion of haste {unknown}
Comestibles
 f - 3 rations


   Skills:
 - Level 2.0 Fighting
 * Level 4.2 Short Blades
 + Level 2.0(2.3) Slings
 - Level 1.0(1.3) Throwing
 - Level 1.1 Armour
 + Level 3.0 Dodging
 + Level 2.1 Spellcasting
 + Level 1.2 Charms
 + Level 3.8 Translocations


You had 4 spell levels left.
You knew the following spells:

 Your Spells              Type           Power        Failure   Level  Hunger
a - Blink                 Tloc           N/A          11%         2    ###....
b - Shroud of Golubria    Chrm/Tloc      #.....       19%         2    ###....

Your spell library contained the following spells:

 Spells                   Type           Power        Failure   Level  Hunger
 Gell's Gravitas          Tloc           ##........   22%         3    ####...
 Lesser Beckoning         Tloc           ##........   22%         3    ####...
 Teleport Other           Tloc           ##......     22%         3    ####...
 Passage of Golubria      Tloc           N/A          56%         4    #####..


Dungeon Overview and Level Annotations

Branches:
Dungeon (3/15)

Altars:


Innate Abilities, Weirdness & Mutations

You are small and have problems with some larger weapons.
You are somewhat resistant to further mutation.


Message History

Found a scroll labeled HAREZX JULEOZ.
f - 2 rations (gained 1)
h - 66 stones (gained 1)
h - 67 stones (gained 1) All of the chunks of flesh in your inventory have rotted away.
Your shroud begins to fray at the edges.
h - 68 stones (gained 1)
h - 69 stones (gained 1)
Found a stone staircase leading down.
h - 71 stones (gained 2)
Your shroud unravels.
d - a scroll labeled HAREZX JULEOZ Magic restored.
f - 3 rations (gained 1)
p - a brown potion Unknown command.
Save game and exit?
Welcome back, shukka the Halfling Warper.
Press ? for a list of commands and other information.
Are you sure you want to abandon this character and quit the game? (Confirm with "yes".)

##.#># ##....#
##.###.# #..#
#.# #..###.#
##.#....#
#.......##
#..####..##
#..####@..#
#.............$
#.#####...#####
#<# #..## #.#
#..# #.# #..#
#.# #... #.#
#.## ...


There were no monsters in sight!

Vanquished Creatures
  11 adders
  2 oozes (D:1)
  A worm (D:2)
  A dart slug (D:1)
  A leopard gecko (D:1)
  A ball python (D:3)
  7 bats
  2 giant cockroaches (D:1)
  2 goblins
  3 hobgoblins
  A jackal (D:2)
  2 quokkas (D:2)
  2 frilled lizards (D:2)
  9 kobolds
  6 rats
51 creatures vanquished.

Notes
Turn   | Place    | Note
-------+----------+-------------------------------------------
     0 | D:1      | shukka the Halfling Warper began the quest for the Orb.
     0 | D:1      | Reached XP level 1. HP: 14/14 MP: 3/3
   267 | D:1      | Reached XP level 2. HP: 19/19 MP: 4/4
   398 | D:1      | Reached skill level 3 in Short Blades
   474 | D:1      | Learned a level 2 spell: Blink
   477 | D:1      | Learned a level 2 spell: Shroud of Golubria
   558 | D:1      | Reached XP level 3. HP: 24/24 MP: 5/5
  1077 | D:1      | Reached skill level 1 in Slings
  1273 | D:2      | Reached XP level 4. HP: 3/29 MP: 1/6
  1966 | D:2      | Reached skill level 1 in Charms
  2080 | D:2      | Reached XP level 5. HP: 30/34 MP: 4/8
  2094 | D:2      | Reached skill level 4 in Short Blades
  2523 | D:3      | Quit the game

Levels and vault maps discovered:
D:1:      psy_arrival_fountain, layout_rooms
D:2:      minmay_razor_zed, layout_loops_ring, grunt_temple_overflow_open
D:3:      layout_loops_ring, nicolae_overflow_crystal_walls, first_ration,
          chequers_hall_statues_corner_a, uniq_crazy_yiuf_cottage, uniq_terence

Skill      XL: |  1  2  3  4  5 |
---------------+----------------+-----
Fighting       | 2 |  2.0
Short Blades   | 3 4 |  4.2
Slings         | 1 2 |  2.0
Spellcasting   | 2 |  2.1
Charms         | 1 |  1.2
Dodging        | 3 |  3.0
Throwing       | |  1.0
Armour         | |  1.1
Translocations | |  3.8

Action                   |  1- 3 |  4- 6 || total
-------------------------+-------+-------++-------
Melee: Short sword       |    41 |       ||    41
       Dagger            |    36 |    77 ||   113
 Fire: Hunting sling     |    14 |    36 ||    50
Throw: Boomerang         |     5 |       ||     5
       Stone             |     2 |       ||     2
 Cast: Shroud of Golubri |     1 |    11 ||    12
  Use: Potion            |     2 |       ||     2
       Scroll            |       |     1 ||     1
  Eat: Chunk             |       |     6 ||     6
Armor: Leather armour    |    11 |    16 ||    27
Dodge: Dodged            |    61 |    85 ||   146

Table legend:
 A = Non-vault XP
 B = Vault XP
 C = Vault XP percentage of total XP
 D = Non-vault monster count
 E = Vault monster count
 F = Vault count percentage of total count
                 A         B        C        D         E       F
            +---------+---------+-------+---------+---------+-------
      Total |     168 |      62 |  27.0 |      42 |       9 |  17.6
            +---------+---------+-------+---------+---------+-------
        D:1 |      63 |       0 |   0.0 |      24 |       0 |   0.0
        D:2 |     102 |      62 |  37.8 |      16 |       9 |  36.0
        D:3 |       3 |       0 |   0.0 |       2 |       0 |   0.0
            +---------+---------+-------+---------+---------+-------
